TOP OF THE 1ST |
Mercer Island Screaming Eagles batting - Pitching for Casper Ghosts : RHP Jim Unknown
|
Pitching: RHP Jim Unknown
|
|
Batting: LHB Mike Russell
|
0-0: Called Strike 0-1: Called Strike 0-2: Foul Ball, location: 2F 0-2: Foul Ball, location: 2F 0-2: Ball 1-2: Ball 2-2: Ball 3-2: Base on Balls
|
Batting: RHB Luis Rodríguez
|
0-0: Ball 1-0: Called Strike 1-1: Swinging Strike 1-2: Strikes out swinging
|
Batting: RHB Luis Antonio Hernández
|
0-0: Ball 1-0: Called Strike Mike Russell is caught stealing 2nd base 1-1: Ball 2-1: Called Strike 2-2: Ball 3-2: Foul Ball, location: 2F 3-2: Strikes out looking
|
Top of the 1st over - 0 run(s), 0 hit(s), 0 error(s), 0 left on base; Mercer Island 0 - Casper 0 |
BOTTOM OF THE 1ST |
Casper Ghosts batting - Pitching for Mercer Island Screaming Eagles : RHP Adrian David
|
Pitching: RHP Adrian David
|
|
Batting: RHB Warner Robinson
|
0-0: Ball 1-0: Ball 2-0: Fly out, F7 (Flyball, 78XD)
|
Batting: SHB Erjan Kerstens
|
0-0: Ball 1-0: Called Strike 1-1: Ground out 6-3 (Groundball, 6)
|
Batting: RHB Juan García
|
0-0: Ball 1-0: Called Strike 1-1: Foul Ball, location: 2F 1-2: Ball 2-2: Strikes out swinging
|
Bottom of the 1st over - 0 run(s), 0 hit(s), 0 error(s), 0 left on base; Mercer Island 0 - Casper 0 |
TOP OF THE 2ND |
Mercer Island Screaming Eagles batting - Pitching for Casper Ghosts : RHP Jim Unknown
|
Batting: LHB Nelson Plasenia
|
0-0: Foul Ball, location: 2F 0-1: Foul Ball, location: 2F 0-2: SINGLE (Line Drive, 4D)
|
Batting: LHB Gustavo Cortéz
|
0-0: Ball 1-0: Foul Ball, location: 2F 1-1: Foul Ball, location: 2F 1-2: Strikes out swinging
|
Batting: SHB Ray Davis
|
0-0: Ball 1-0: Ball 2-0: Ground out U3 (Groundball, 3S) Nelson Plasenia to second
|
Batting: RHB P.J. O'Keefe
|
0-0: Called Strike 0-1: Ball 1-1: Ball 2-1: Ball 3-1: Called Strike 3-2: Fly out, F9 (Flyball, 89M)
|
Top of the 2nd over - 0 run(s), 1 hit(s), 0 error(s), 1 left on base; Mercer Island 0 - Casper 0 |
BOTTOM OF THE 2ND |
Casper Ghosts batting - Pitching for Mercer Island Screaming Eagles : RHP Adrian David
|
Batting: LHB Terry Johnson
|
0-0: Swinging Strike 0-1: Swinging Strike 0-2: Ball 1-2: Ground out 4-3 (Groundball, 34)
|
Batting: RHB Dave Young
|
0-0: Ground out 5-3 (Groundball, 56S)
|
Batting: RHB Francisco Torres
|
0-0: Ball 1-0: Fly out, F9 (Flyball, 9M)
|
Bottom of the 2nd over - 0 run(s), 0 hit(s), 0 error(s), 0 left on base; Mercer Island 0 - Casper 0 |
TOP OF THE 3RD |
Mercer Island Screaming Eagles batting - Pitching for Casper Ghosts : RHP Jim Unknown
|
Batting: RHB Luis Jiménez
|
0-0: Called Strike 0-1: Ball 1-1: Ball 2-1: Fly out, F9 (Flyball, 9M)
|
Batting: SHB Stephen Yates
|
0-0: Ball 1-0: Called Strike 1-1: Foul Ball, location: 2F 1-2: Ball 2-2: Fly out, F8 (Flyball, 8RXD)
|
Batting: LHB Mike Russell
|
0-0: Swinging Strike 0-1: Ball 1-1: Ball 2-1: Foul Ball, location: 2F 2-2: Strikes out swinging
|
Top of the 3rd over - 0 run(s), 0 hit(s), 0 error(s), 0 left on base; Mercer Island 0 - Casper 0 |
BOTTOM OF THE 3RD |
Casper Ghosts batting - Pitching for Mercer Island Screaming Eagles : RHP Adrian David
|
Batting: RHB Austin Henderson
|
0-0: Called Strike 0-1: Bunt for hit - play at first, batter OUT! 1-3
|
Batting: SHB José Juárez
|
0-0: Ball 1-0: Swinging Strike 1-1: Foul Ball, location: 2F 1-2: Ball 2-2: Foul Ball, location: 2F 2-2: SINGLE (Line Drive, 78M)
|
Batting: RHB Phil Baker
|
0-0: Called Strike 0-1: Ball 1-1: Called Strike 1-2: Fly out, F7 (Flyball, 78M)
|
Batting: RHB Warner Robinson
|
0-0: Ball 1-0: Ball 2-0: Foul Ball, location: 2F 2-1: Called Strike 2-2: Foul Ball, location: 2F 2-2: SINGLE (Groundball, 4M) José Juárez to second
|
Batting: SHB Erjan Kerstens
|
0-0: Ground out 4-3 (Groundball, 34)
|
Bottom of the 3rd over - 0 run(s), 2 hit(s), 0 error(s), 2 left on base; Mercer Island 0 - Casper 0 |
TOP OF THE 4TH |
Mercer Island Screaming Eagles batting - Pitching for Casper Ghosts : RHP Jim Unknown
|
Batting: RHB Luis Rodríguez
|
0-0: Foul Ball, location: 2F 0-1: Foul Ball, location: 2F 0-2: Foul Ball, location: 2F 0-2: Ball 1-2: Ball 2-2: Foul Ball, location: 2F 2-2: Foul Ball, location: 2F 2-2: Foul Ball, location: 2F 2-2: Ball 3-2: Foul Ball, location: 2F 3-2: SINGLE (Line Drive, 4D)
|
Batting: RHB Luis Antonio Hernández
|
0-0: Ball 1-0: Ball 2-0: Called Strike 2-1: SINGLE (Groundball, 4D) (infield hit) Luis Rodríguez to second
|
Batting: LHB Nelson Plasenia
|
0-0: Grounds into double play, 4-6-3 (Groundball, 4) Luis Rodríguez to third
|
Batting: LHB Gustavo Cortéz
|
0-0: Called Strike 0-1: Ball 1-1: Swinging Strike 1-2: Strikes out swinging
|
Top of the 4th over - 0 run(s), 2 hit(s), 0 error(s), 1 left on base; Mercer Island 0 - Casper 0 |
BOTTOM OF THE 4TH |
Casper Ghosts batting - Pitching for Mercer Island Screaming Eagles : RHP Adrian David
|
Batting: RHB Juan García
|
0-0: Ball 1-0: Foul Ball, location: 2F 1-1: Ball 2-1: Ball 3-1: Ground out 5-3 (Groundball, 5S)
|
Batting: LHB Terry Johnson
|
0-0: Ball 1-0: Swinging Strike 1-1: Ball 2-1: SINGLE (Groundball, 4MD)
|
Batting: RHB Dave Young
|
0-0: Called Strike 0-1: Ball 1-1: Ball 2-1: Ball 3-1: Called Strike 3-2: Foul Ball, location: 2F 3-2: SINGLE (Groundball, 34D) Terry Johnson to second Terry Johnson to third
|
Batting: RHB Francisco Torres
|
0-0: Ball 1-0: Ball 2-0: Ball 3-0: Base on Balls Dave Young to second
|
Batting: RHB Austin Henderson
|
0-0: Foul Ball, location: 2F 0-1: Ball 1-1: Ball 2-1: Ball 3-1: Called Strike 3-2: Foul Ball, location: 2F 3-2: Fly out, F8 (Flyball, 8LM) Runner from 3rd tags up, SCORES, throw made
|
Batting: SHB José Juárez
|
0-0: Ball 1-0: Foul Ball, location: 2F 1-1: Fly out, F6 (Popup, 6)
|
Bottom of the 4th over - 1 run(s), 2 hit(s), 0 error(s), 2 left on base; Mercer Island 0 - Casper 1 |
TOP OF THE 5TH |
Mercer Island Screaming Eagles batting - Pitching for Casper Ghosts : RHP Jim Unknown
|
Batting: SHB Ray Davis
|
0-0: Ball 1-0: Ball 2-0: Foul Ball, location: 2F 2-1: Foul Ball, location: 2F 2-2: Ball 3-2: Base on Balls
|
Batting: RHB P.J. O'Keefe
|
0-0: SINGLE (Groundball, 56) Ray Davis to second
|
Batting: RHB Luis Jiménez
|
0-0: Ball 1-0: Sac Bunt - play at first, batter OUT! 2-4 Ray Davis to third P.J. O'Keefe to second
|
Batting: SHB Stephen Yates
|
0-0: Ball 1-0: Fly out, F8 (Flyball, 8RM) Runner from 3rd tags up, SCORES, throw made
|
Batting: LHB Mike Russell
|
0-0: Called Strike 0-1: Called Strike 0-2: Fly out, F7 (Flyball, 7M)
|
Top of the 5th over - 1 run(s), 1 hit(s), 0 error(s), 1 left on base; Mercer Island 1 - Casper 1 |
BOTTOM OF THE 5TH |
Casper Ghosts batting - Pitching for Mercer Island Screaming Eagles : RHP Adrian David
|
Batting: RHB Phil Baker
|
0-0: Ball 1-0: Foul Ball, location: 2F 1-1: Swinging Strike 1-2: Ball 2-2: Strikes out swinging
|
Batting: RHB Warner Robinson
|
0-0: Ball 1-0: Called Strike 1-1: Ball 2-1: Called Strike 2-2: Ball 3-2: Fly out, F4 (Popup, 34)
|
Batting: SHB Erjan Kerstens
|
0-0: Ball 1-0: Called Strike 1-1: SINGLE (Groundball, 34D)
|
Batting: RHB Juan García
|
0-0: Called Strike 0-1: Ball 1-1: Called Strike 1-2: Foul Ball, location: 2F 1-2: Ball 2-2: Strikes out looking
|
Bottom of the 5th over - 0 run(s), 1 hit(s), 0 error(s), 1 left on base; Mercer Island 1 - Casper 1 |
TOP OF THE 6TH |
Mercer Island Screaming Eagles batting - Pitching for Casper Ghosts : RHP Jim Unknown
|
Batting: RHB Luis Rodríguez
|
0-0: Ball 1-0: Ground out 6-3 (Groundball, 6)
|
Batting: RHB Luis Antonio Hernández
|
0-0: Called Strike 0-1: Ball 1-1: Ball 2-1: Ball 3-1: Called Strike 3-2: Foul Ball, location: 2F 3-2: Ground out 6-3 (Groundball, 6)
|
Batting: LHB Nelson Plasenia
|
0-0: Ball 1-0: Ball 2-0: Ball 3-0: Called Strike 3-1: Fly out, F7 (Flyball, 7M)
|
Top of the 6th over - 0 run(s), 0 hit(s), 0 error(s), 0 left on base; Mercer Island 1 - Casper 1 |
BOTTOM OF THE 6TH |
Casper Ghosts batting - Pitching for Mercer Island Screaming Eagles : RHP Adrian David
|
Batting: LHB Terry Johnson
|
0-0: Called Strike 0-1: Ball 1-1: Foul Ball, location: 2F 1-2: Ground out 4-3 (Groundball, 4)
|
Batting: RHB Dave Young
|
0-0: Called Strike 0-1: Called Strike 0-2: Strikes out swinging
|
Batting: RHB Francisco Torres
|
0-0: Ball 1-0: Foul Ball, location: 2F 1-1: Fly out, F8 (Line Drive, 8LM)
|
Bottom of the 6th over - 0 run(s), 0 hit(s), 0 error(s), 0 left on base; Mercer Island 1 - Casper 1 |
TOP OF THE 7TH |
Mercer Island Screaming Eagles batting - Pitching for Casper Ghosts : RHP Jim Unknown
|
Batting: LHB Gustavo Cortéz
|
0-0: Ground out U3 (Groundball, 3S)
|
Batting: SHB Ray Davis
|
0-0: Ball 1-0: Ball 2-0: Ground out 4-3 (Groundball, 4)
|
Batting: RHB P.J. O'Keefe
|
0-0: Called Strike 0-1: Ball 1-1: Foul Ball, location: 2F 1-2: Foul Ball, location: 2F 1-2: Fly out, F8 (Flyball, 8RM)
|
Top of the 7th over - 0 run(s), 0 hit(s), 0 error(s), 0 left on base; Mercer Island 1 - Casper 1 |
BOTTOM OF THE 7TH |
Casper Ghosts batting - Pitching for Mercer Island Screaming Eagles : RHP Adrian David
|
Batting: RHB Austin Henderson
|
0-0: Called Strike 0-1: Ball 1-1: Ball 2-1: Ball 3-1: Foul Ball, location: 2F 3-2: Strikes out swinging
|
Batting: SHB José Juárez
|
0-0: Called Strike 0-1: Ball 1-1: SINGLE (Line Drive, 8LS)
|
Batting: RHB Phil Baker
|
0-0: Ball 1-0: Ball 2-0: Fly out, F8 (Flyball, 8RS)
|
Batting: RHB Warner Robinson
|
0-0: Foul Ball, location: 2F 0-1: Foul Ball, location: 2F 0-2: SINGLE (Line Drive, 9S) José Juárez to second
|
Pitching: LHP Miguel Mora
|
|
Batting: SHB Erjan Kerstens
|
0-0: Called Strike 0-1: Called Strike 0-2: Ground out 4-3 (Groundball, 4)
|
Bottom of the 7th over - 0 run(s), 2 hit(s), 0 error(s), 2 left on base; Mercer Island 1 - Casper 1 |
TOP OF THE 8TH |
Mercer Island Screaming Eagles batting - Pitching for Casper Ghosts : RHP Jim Unknown
|
Batting: RHB Luis Jiménez
|
0-0: Foul Ball, location: 2F 0-1: Called Strike 0-2: Fly out, F8 (Flyball, 8LM)
|
Pitching: LHP Jim Unknown
|
|
Pinch Hitting: SHB Mauro López
|
0-0: Ground out 6-3 (Groundball, 6)
|
Pinch Hitting: SHB Colm Neal
|
0-0: Ball 1-0: Ball 2-0: Called Strike 2-1: Swinging Strike 2-2: DOUBLE (Line Drive, 89M)
|
Batting: RHB Luis Rodríguez
|
0-0: Ball 1-0: Ball 2-0: Ball 3-0: Foul Ball, location: 2F 3-1: Foul Ball, location: 2F 3-2: Strikes out looking
|
Top of the 8th over - 0 run(s), 1 hit(s), 0 error(s), 1 left on base; Mercer Island 1 - Casper 1 |
BOTTOM OF THE 8TH |
Casper Ghosts batting - Pitching for Mercer Island Screaming Eagles : LHP Miguel Mora
|
Now at 2B: Mauro López
|
|
Now in RF: Colm Neal
|
|
Batting: RHB Juan García
|
0-0: Ball 1-0: Called Strike 1-1: Ball 2-1: Foul Ball, location: 2F 2-2: Foul Ball, location: 2F 2-2: Ball 3-2: Foul Ball, location: 2F 3-2: Ground out 5-3 (Groundball, 56)
|
Pinch Hitting: RHB Rafael Abreu
|
0-0: Fly out, F8 (Flyball, 8LD)
|
Pinch Hitting: RHB Keith Hatch
|
0-0: Called Strike 0-1: Ball 1-1: Ball 2-1: Fly out, F3 (Popup, 3S)
|
Bottom of the 8th over - 0 run(s), 0 hit(s), 0 error(s), 0 left on base; Mercer Island 1 - Casper 1 |
TOP OF THE 9TH |
Mercer Island Screaming Eagles batting - Pitching for Casper Ghosts : LHP Jim Unknown
|
Pitching: LHP Jim Unknown
|
|
Now at SS: Keith Hatch
|
|
Now in CF: Rafael Abreu
|
|
Batting: RHB Luis Antonio Hernández
|
0-0: Foul Ball, location: 2F 0-1: Ground out 5-3 (Groundball, 56)
|
Batting: LHB Nelson Plasenia
|
0-0: Called Strike 0-1: Ball 1-1: Ball 2-1: Foul Ball, location: 2F 2-2: Ground out 1-3 (Groundball, 15)
|
Pinch Hitting: LHB Tom Smith
|
0-0: Foul Ball, location: 2F 0-1: Ball 1-1: Swinging Strike 1-2: Strikes out swinging
|
Top of the 9th over - 0 run(s), 0 hit(s), 0 error(s), 0 left on base; Mercer Island 1 - Casper 1 |
BOTTOM OF THE 9TH |
Casper Ghosts batting - Pitching for Mercer Island Screaming Eagles : LHP Miguel Mora
|
Now at C: Vincente Flores
|
|
Batting: RHB Francisco Torres
|
0-0: Ball 1-0: Ball 2-0: Ball 3-0: Called Strike 3-1: Foul Ball, location: 2F 3-2: Base on Balls
|
Batting: RHB Austin Henderson
|
0-0: Bunt missed! 0-1: Bunt missed! 0-2: Ball 1-2: Ball 2-2: Ball Francisco Torres is caught stealing 2nd base 3-2: Foul Ball, location: 2F 3-2: Base on Balls
|
Batting: SHB José Juárez
|
0-0: Ball 1-0: Called Strike 1-1: Ball 2-1: Ball 3-1: Foul Ball, location: 2F 3-2: Grounds into double play, 4-6-3 (Groundball, 4)
|
Bottom of the 9th over - 0 run(s), 0 hit(s), 0 error(s), 0 left on base; Mercer Island 1 - Casper 1 |
TOP OF THE 10TH |
Mercer Island Screaming Eagles batting - Pitching for Casper Ghosts : LHP Jim Unknown
|
Batting: SHB Ray Davis
|
0-0: Fly out, F7 (Flyball, 7M)
|
Batting: RHB P.J. O'Keefe
|
0-0: Called Strike 0-1: Called Strike 0-2: Ball 1-2: Ball 2-2: Foul Ball, location: 2F 2-2: Ball 3-2: Foul Ball, location: 2F 3-2: Strikes out swinging
|
Batting: RHB Luis Jiménez
|
0-0: Foul Ball, location: 2F 0-1: Foul Ball, location: 2F 0-2: Ball 1-2: Ball 2-2: Ground out 6-3 (Groundball, 56)
|
Top of the 10th over - 0 run(s), 0 hit(s), 0 error(s), 0 left on base; Mercer Island 1 - Casper 1 |
BOTTOM OF THE 10TH |
Casper Ghosts batting - Pitching for Mercer Island Screaming Eagles : LHP Miguel Mora
|
Batting: RHB Phil Baker
|
0-0: Foul Ball, location: 2F 0-1: Ball 1-1: Called Strike 1-2: Ball 2-2: Ball 3-2: Base on Balls
|
Batting: RHB Warner Robinson
|
0-0: Ball 1-0: Sac Bunt - play at first, batter OUT! 3-4 Phil Baker to second
|
Pinch Hitting: SHB Alonso Rodríguez
|
0-0: Intentional Walk
|
Batting: RHB Juan García
|
0-0: Ball 1-0: SINGLE (Flyball, 89S) Phil Baker to third Alonso Rodríguez to second Runner from 3rd tries for Home, SAFE, throw made at trailing runner, SAFE at third!
|
|